 Dungeon Crawl Stone Soup version 0.31-a0-819-gf6de2f5ab6 (webtiles) character file.

Game seed: 15568354407161476553

231 LeprechaunX the Changeling (level 6, -2/41 HPs)
             Began as an Octopode Shapeshifter on Sept 23, 2023.
             Slain by an orc wizard
             ... wielding a +0 dagger
              (3 damage)
             ... on level 3 of the Dungeon.
             The game lasted 00:02:29 (2294 turns).

LeprechaunX the Changeling (Octopode Shapeshifter)  Turns: 2294, Time: 00:02:30

Health: -2/41      AC:  1    Str: 16    XL:     6   Next: 4%
Magic:  6/6        EV: 13    Int: 12    God:
Gold:   122        SH:  0    Dex: 11    Spells: 5/5 levels left

rFire   . .          .
                       - Unarmed
rCold   . . .        (no shield)
rNeg    . . .        (helmet currently unavailable)
rPois   .            (no amulet)
rElec   .            (no ring)
rCorr   .            (no ring)
SInv    .            (no ring)
Will    .....        (no ring)
Stlth   ++           (no ring)
HPRegen 0.26/turn    (no ring)
MPRegen 0.10/turn    (no ring)
                     (no ring)

%: no passive effects
@: beast-form
A: beast (slay +2), almost no armour, amphibious, 8 rings, camouflage 1,
gelatinous body 1, (nimble swimmer 1), tentacles
a: Begin Untransformation


You were on level 3 of the Dungeon.
You were a hulking beast.
You visited 1 branch of the dungeon, and saw 3 of its levels.

You collected 122 gold pieces.

Inventory:

Hand Weapons
 a - a +0 sling
Missiles
 f - 5 atropa-tipped darts
 i - 5 javelins
Talismans
 b - a beast talisman (active)
 c - a flux talisman
Scrolls
 d - 2 scrolls of enchant weapon {unknown}
 h - 4 scrolls of identify {unknown}
 j - a scroll of silence {unknown}
 l - 4 scrolls of poison {unknown}
 n - 2 scrolls of fog {unknown}
Potions
 e - 2 potions of invisibility {unknown}
 g - a potion of might {unknown}
 k - a potion of enlightenment {unknown}
 m - a potion of lignification
 o - a potion of haste {unknown}


   Skills:
 + Level 2.6 Fighting
 + Level 3.2 Dodging
 + Level 3.9 Unarmed Combat
 * Level 4.4 Shapeshifting


You had 5 spell levels left.
You didn't know any spells.
Your spell library contained the following spells:

 Spells                   Type           Power      Damage    Failure   Level
 Sting                    Tmut/Pois      0%         1d3       32%         1
 Poisonous Vapours        Pois/Air       0%         N/A       45%         2
 Olgreb's Toxic Radiance  Pois           0%         N/A       97%         4


Dungeon Overview and Level Annotations

Branches:
Dungeon (3/15)

Altars:
Elyvilon
Zin

Shops:
D:1 *   D:2 =


Innate Abilities, Weirdness & Mutations

You are a hulking beast.
Your limbs bulge with bestial killing power. (Slay +2)
You cannot wear most types of armour.
You are amphibious.
You can wear up to eight rings at the same time.
Your skin changes colour to match your surroundings (Stealth+).
Your rubbery body absorbs attacks. (AC +1, EV +1)
((You are camouflaged when in or above water. (Stealth+)))
You have tentacles for arms and can constrict up to eight enemies at once.


Message History

The orc is severely wounded.
The orc completely misses you.
You tentacle-slap the orc.
You kill the orc!
You tentacle-slap the orc. You grab the orc. You tentacle-slap the orc.
The orc is almost dead.
You constrict the orc.
You kill the orc!
You barely miss something. You tentacle-slap something.
Something barely misses you.
You tentacle-slap something. Your squeeze misses something.
The orc throws a boomerang.
You tentacle-slap the orc but do no damage.
You grab the orc.
You constrict the orc, but do no damage.
Something hits you. The orc hits you with a +0 club.
You tentacle-slap the orc but do no damage.
You tentacle-slap the orc, but do no damage.
You squeeze the orc!
You kill the orc!
The orc throws a boomerang.
The boomerang hits you.
* * * LOW HITPOINT WARNING * * *
Something hits you.
* * * LOW HITPOINT WARNING * * *
You swing at nothing.
Something hits you.
* * * LOW HITPOINT WARNING * * *
You barely miss the orc. You grab the orc.
You constrict the orc, but do no damage.
The orc hits you with a +0 short sword.
* * * LOW HITPOINT WARNING * * *
Something hits you.
* * * LOW HITPOINT WARNING * * *
You tentacle-slap the orc.
The orc is lightly wounded.
You constrict the orc. The orc barely misses you. Something hits you.
* * * LOW HITPOINT WARNING * * *
You tentacle-slap the orc.
You kill the orc!
Something hits you.
You die...

...†...# ............#
######.#######..)......#
#.......#..........#
#.........#........#
#.....[.###........#
##.##.### #........##
#.##.# ##.........
######.##.#
####)########
.......#..# #..{h.#
.......#.## #.....#
.........# #.....#
........## #.....#
############ .......##
#.....# #...........
.......# ####.##
#.########## .......#
####.#####.# # .......#
#........#.# # >......#
#........#.# #


There were no monsters in sight!

Vanquished Creatures
  Jessica (D:2)
  3 orc wizards (D:3)
  Terence (D:3)
  5 adders
  A worm (D:2)
  A dart slug (D:2)
  7 orcs (D:3)
  A ball python (D:2)
  4 endoplasms
  3 giant cockroaches
  A hobgoblin (D:3)
  2 jackals (D:3)
  2 quokkas (D:1)
  4 bats
  A frilled lizard (D:1)
  4 goblins (D:2)
  4 kobolds
  4 rats
49 creatures vanquished.

Vanquished Creatures (others)
  An orc wizard (D:3)
1 creature vanquished.

Grand Total: 50 creatures vanquished

Notes
Turn   | Place    | Note
-------+----------+-------------------------------------------
     0 | D:1      | LeprechaunX the Octopode Shapeshifter began the quest for
                  | the Orb.
     0 | D:1      | Reached XP level 1. HP: 13/13 MP: 1/1
   238 | D:1      | Found Lealomil's Assorted Antiques.
   646 | D:1      | Reached XP level 2. HP: 10/18 MP: 2/2
   932 | D:2      | Noticed Jessica
   939 | D:2      | Killed Jessica
   940 | D:2      | Reached XP level 3. HP: 23/23 MP: 3/3
  1076 | D:2      | Reached XP level 4. HP: 27/29 MP: 4/4
  1499 | D:2      | Found a faded altar of an unknown god.
  1508 | D:2      | Found Plog's One-of-a-Kind Rings.
  1948 | D:3      | Found a glowing silver altar of Zin.
  1959 | D:3      | Found a white marble altar of Elyvilon.
  2036 | D:3      | Reached skill level 4 in Shapeshifting
  2042 | D:3      | Reached XP level 5. HP: 26/34 MP: 5/5
  2264 | D:3      | Noticed Terence
  2272 | D:3      | Killed Terence
  2273 | D:3      | Reached XP level 6. HP: 33/41 MP: 6/6
  2293 | D:3      | HP: 1/41 [something (2)]
  2294 | D:3      | Slain by an orc wizard

Illustrated notes

Levels and vault maps discovered:
D:1:      minmay_arrival_up_and_down, layout_loops_corners, serial_shops, shop
D:2:      cheibrodos_old_hovel, layout_loops_cross,
          shapermc_ecumenical_altar_acropolis, nicolae_shop_unique_rings,
          minmay_tetromino_s2, uniq_jessica
D:3:      layout_basic, mainiacjoe_overflow_24_doors,
          mainiacjoe_overflow_catwalk_spiral, serial_bayou_pond_a, uniq_terence

Skill      XL: |  1  2  3  4  5 |
---------------+----------------+-----
Fighting       | 2 |  2.6
Shapeshifting  | 4 |  4.4
Dodging        | 3 |  3.2
Unarmed Combat | |  3.9

Action                     |  1- 3 |  4- 6 || total
---------------------------+-------+-------++-------
  Melee: Unarmed           |    37 |    86 ||   123
         Tentacles         |     9 |    16 ||    25
         Constrict         |     8 |    20 ||    28
         Punch             |       |     2 ||     2
   Stab: Sleeping          |     5 |     4 ||     9
 Armour: Skin              |    21 |    53 ||    74
  Dodge: Dodged            |    24 |    45 ||    69

Table legend: (Time is in decaauts)
 A = Elapsed time spent in this place.
 B = Non-inter-level travel time spent in this place.
 C = Inter-level travel time spent in this place.
 D = Time resting spent in this place.
 E = Time spent auto-exploring this place.
 F = Levels seen in this place.
 G = Mean time per level.
                   A        B        C        D        E       F      G
               +--------+--------+--------+--------+--------+-----+--------+
         Total |   2285 |   2159 |    126 |    116 |   1707 |   3 |  761.7 |
       Dungeon |   2285 |   2159 |    126 |    116 |   1707 |   3 |  761.7 |
               +--------+--------+--------+--------+--------+-----+--------+

Top non-repeatable levels by time:
     D:1: 882 daAuts
     D:2: 797 daAuts
     D:3: 605 daAuts
